Description

Work in Progress.

Adapting build to Plat Changes.

Build Order

Get SALT Encoding   

  13  0:13  Overlord  
  17  0:52  Hatchery  Natural
  18  1:08  Extractor  
  17  1:15  Spawning Pool  
  19  1:42  Overlord  
  20  2:06  Queen  
  20  2:07  Queen  
  24  2:08  Zergling  
  25  2:09  Zergling  
  28  2:18  Metabolic Boost  
  32  2:48  Hatchery  Third
  31  2:49  Overlord  Make later Ovies as per macro cycle
  31  2:59  Queen  
  48  4:03  Baneling Nest  Or earlier / whenever natural is saturated
  47  4:11  Extractor  
  47  4:20  Queen x2  Defensive Queens - Creep tumors
  49  4:35  Zergling x8  Round of safety lings
  64  4:48  Evolution Chamber x2  
  64  4:50  Lair  
  78  5:15  Hatchery x2  Macro Hatcheries - > Non-stop lings
  87  5:20  Zerg Ground Armor Level 1, Zerg Melee Weapons Level 1  
  87  5:30  Centrifugal Hooks  
  87  6:10  Hatchery  Fourth
  87  6:12  Hatchery  Fifth -> Keep building hatcheries as you float minerals, Ultralisks if game goes on
Spawning Tool Build Advisor. Get it on Overwolf

Go to:

Details

  • Created by: Strixster
  • Published on: Mar 08, 2025
  • Modified on: Mar 09, 2025
  • Patch: 5.0.11
  • Difficulty: Easy
Show
View Real Time Build Order
Export as new Build Order

Comments (0)

There are no comments. Be the first!

Create an account to comment!